Avalanche vs Coyotes
Created - November 26, 2017 at 19:00
Goals
|
| Avalanche |
0 |
1 |
1 |
2 |
| Coyotes |
3 |
0 |
1 |
4 |
|
Shots
|
| Avalanche |
19 |
9 |
7 |
35 |
| Coyotes |
7 |
8 |
8 |
23 |
|
1st period
1. Coyotes , Tyler Ennis 6 (Zach Parise 14, Michael Del Zotto 7) at 2:59
2. Coyotes , Tyler Ennis 7 (Brad Richards 16) at 11:10
3. Coyotes , Marian Gaborik 14 (Zach Parise 15, Nazem Kadri 8) at 18:50 (PP)
Penalties :
Maxim Talbot (Ari) for Roughing (Minor) at 7:59, Mikkel Boedker (Col) for Roughing (Minor) at 18:39
2nd period
4. Avalanche , Marc Staal 2 (David Krejci 3, Johnny Boychuk 5) at 12:01
Penalties :
Michael Del Zotto (Ari) for Interference (Minor) at 3:35, Chris Neil (Ari) for Hooking (Minor) at 14:06, Andrew Ladd (Col) for Roughing (Minor) at 16:59
3rd period
5. Coyotes , Marian Gaborik 15 (Nazem Kadri 9, Kristopher Letang 10) at 3:06 (PP)
6. Avalanche , Ryan Smyth 3 (Chuck Kobasew 4, Johnny Boychuk 6) at 13:29
Penalties :
Jay Bouwmeester (Col) for Diving (Minor) at 2:49, Brad Richards (Ari) for Interference (Minor) at 8:28, Zach Parise (Ari) for Charging (Minor) at 11:20, Anton Stralman (Ari) for High sticking (Minor) at 17:10
Goalie Stats
Dan Ellis (Col), 5 saves from 5 shots - (1.000), 16:54 minutes
Semyon Varlamov (Col), 14 saves from 18 shots - (0.778), L, 12-4-2, 43:06 minutes
Ryan Miller (Ari), 33 saves from 35 shots - (0.943), W, 6-9-1, 60:00 minutes
Players Stats for Avalanche
Player Name G A P +/- PIM S H SB GA TA FO MP PP MP PK MP
------------------------------------------------------------------------------------
Alexander Radulov 0 0 0 0 0 6 1 0 0 0 1/1 16:16 4:55 0:00
Andrei Kostitsyn 0 0 0 0 0 2 0 1 1 0 0/1 16:50 4:55 0:45
Andrew Ladd 0 0 0 0 2 2 4 0 0 0 1/3 12:15 0:08 0:28
Brandon Yip 0 0 0 0 0 1 1 0 0 0 0/0 11:08 0:00 0:00
Bryan Little 0 0 0 -1 0 3 4 0 1 0 22/43 21:32 6:54 0:28
Chuck Kobasew 0 1 1 1 0 3 0 1 0 0 0/0 10:14 0:00 1:26
Corey Perry 0 0 0 -1 0 4 0 0 1 0 1/2 21:09 6:56 0:00
Cory Emmerton 0 0 0 0 0 2 0 0 0 0 3/4 11:49 0:00 0:45
David Krejci 0 1 1 1 0 3 0 0 1 0 3/6 9:47 0:00 0:46
Jack Johnson 0 0 0 0 0 1 4 2 2 1 0/0 24:48 7:17 1:37
Jay Bouwmeester 0 0 0 0 2 1 1 0 0 1 0/0 21:48 4:37 0:50
Johnny Boychuk 0 2 2 0 0 0 1 3 0 1 0/0 13:23 0:00 0:00
Marc Staal 1 0 1 0 0 1 1 2 0 0 0/0 23:36 7:17 1:37
Matt Lashoff 0 0 0 0 0 0 0 1 0 0 0/0 13:23 0:00 0:00
Mikkel Boedker 0 0 0 -1 2 1 1 0 0 1 3/4 21:03 6:54 0:00
Paul Stastny 0 0 0 0 0 4 1 0 0 0 9/12 16:16 4:55 0:00
Pernell Karl Subban 0 0 0 0 0 0 2 0 0 2 0/0 23:01 4:37 0:50
Ryan Smyth 1 0 1 1 0 1 0 0 0 0 1/1 9:12 0:05 0:16
Players Stats for Coyotes
Player Name G A P +/- PIM S H SB GA TA FO MP PP MP PK MP
------------------------------------------------------------------------------------
Anton Stralman 0 0 0 0 2 0 2 1 1 1 0/0 25:45 1:22 4:02
Brad Richards 0 1 1 1 2 1 1 0 0 0 10/15 17:39 0:49 3:35
Brooks Laich 0 0 0 -1 0 2 0 0 0 0 0/5 7:23 0:00 0:00
Chris Neil 0 0 0 -1 2 0 1 0 0 0 0/0 7:09 0:00 0:00
Chris Stewart 0 0 0 2 0 1 0 0 0 1 1/2 13:49 0:49 0:00
Enver Lisin 0 0 0 0 0 1 0 0 1 0 0/1 8:36 0:00 0:00
Eric Brewer 0 0 0 0 0 0 0 1 0 0 0/0 21:36 1:05 5:08
Greg Zanon 0 0 0 0 0 0 0 2 0 1 0/0 17:16 0:00 7:05
Josh Gorges 0 0 0 -1 0 0 1 2 0 2 0/0 22:07 0:00 6:46
Kristopher Letang 0 1 1 0 0 2 1 1 1 0 0/0 22:22 1:22 0:47
Marian Gaborik 2 0 2 0 0 3 2 0 1 0 0/1 17:59 1:38 0:00
Mark Bell 0 0 0 0 0 2 2 1 0 0 0/1 16:08 0:00 7:18
Martin Samuelsson 0 0 0 -2 0 2 0 0 0 0 0/0 11:40 0:00 4:20
Maxim Talbot 0 0 0 0 2 3 0 1 0 0 7/16 14:57 0:00 6:00
Michael Del Zotto 0 1 1 1 2 0 1 0 1 0 0/0 11:00 1:05 0:00
Nazem Kadri 0 2 2 0 0 2 2 0 0 0 11/28 18:21 1:38 0:14
Tyler Ennis 2 0 2 2 0 3 0 1 0 0 1/1 13:48 0:49 0:00
Zach Parise 0 2 2 -1 2 1 2 0 1 1 3/7 20:24 1:38 2:21
3 Stars
1 - Tyler Ennis (Ari)
2 - Marian Gaborik (Ari)
3 - Ryan Miller (Ari)
Power Play
Avalanche - 0 on 7 Attempt(s) - 0.00%
Coyotes - 2 on 3 Attempt(s) - 66.67%
Penalty Kill
Avalanche - 1 on 3 Attempt(s) - 33.33%
- Score 0 goal in Penalty Kill
Coyotes - 7 on 7 Attempt(s) - 100.00%
- Score 0 goal in Penalty Kill
Team Stat
Avalanche - Hits : 21 - Faceoff Wins : 44 - Blocked Shots : 10 - Penalty Minutes : 6
Coyotes - Hits : 15 - Faceoff Wins : 33 - Blocked Shots : 10 - Penalty Minutes : 12
Official
Referees : Walsh Ian and Pollock Kevin
Linesman : Mark Pare and Steve Barton
Game Notes
4:30 of 2nd period - Avalanche goal is going for a video replay. After video review, No Goal. The puck has been directed, batted or thrown into the net by an attacking player other than with a stick.
Dan Ellis enters game at 3:06 of 3rd period
4:37 of 3rd period - Penalty Shot by Eric Brewer for Coyotes - Stopped by Dan Ellis
Finance
Level 1 -- Attendance: 6000 (100.00%) -- Ticket Income $540,000
Level 2 -- Attendance: 4916 (98.32%) -- Ticket Income $260,548
Level 3 -- Attendance: 1847 (92.35%) -- Ticket Income $68,339
Level 4 -- Attendance: 3649 (91.23%) -- Ticket Income $94,874
Luxury Box -- Attendance: 956 (95.60%) -- Ticket Income $155,828
Game was played at the The Pack Center.
Total Attendance: 17368 (96.49%)
Total Ticket Income: $1,119,589
Other Income: $167,938
Total Income: $1,287,527
Avalanche
5 vs 5 Forward
Center Left Wing Right Wing Time % Phy DF OF
1 Bryan Little Mikkel Boedker Corey Perry 35 1 2 2
2 Cory Emmerton Andrei Kostitsyn Brandon Yip 25 1 2 2
3 Paul Stastny Andrew Ladd Alexander Radulov 25 1 2 2
4 David Krejci Ryan Smyth Chuck Kobasew 15 1 2 2
5 vs 5 Defense
Defense Defense Time % Phy DF OF
1 Jack Johnson Pernell Karl Subban 35 1 2 2
2 Marc Staal Jay Bouwmeester 35 1 2 2
3 Johnny Boychuk Matt Lashoff 30 1 2 2
4 Jack Johnson Marc Staal 0 1 2 2
PowerPlay Forward
Center Left Wing Right Wing Time % Phy DF OF
1 Bryan Little Mikkel Boedker Corey Perry 60 1 2 2
2 Paul Stastny Andrei Kostitsyn Alexander Radulov 40 1 2 2
PowerPlay Defense
Defense Defense Time % Phy DF OF
1 Jack Johnson Marc Staal 60 1 2 2
2 Pernell Karl Subban Jay Bouwmeester 40 1 2 2
Penalty Kill 4 Players Forward
Center Wing Time % Phy DF OF
1 Andrew Ladd Chuck Kobasew 60 1 2 2
2 Brandon Yip Ryan Smyth 40 1 2 2
Penalty Kill 4 Players Defense
Defense Defense Time % Phy DF OF
1 Jack Johnson Marc Staal 60 1 2 2
2 Pernell Karl Subban Jay Bouwmeester 40 1 2 2
Penalty Kill - 3 Players Forward
Forward Time % Phy DF OF
1 Bryan Little 60 1 2 2
2 Mikkel Boedker 40 1 2 2
Penalty Kill - 3 Players Defense
Defense Defense Time % Phy DF OF
1 Jack Johnson Marc Staal 60 1 2 2
2 Pernell Karl Subban Jay Bouwmeester 40 1 2 2
4 vs 4 Forward
Center Wing Time % Phy DF OF
1 Bryan Little Mikkel Boedker 60 1 2 2
2 Corey Perry Andrei Kostitsyn 40 1 2 2
4 vs 4 Defense
Defense Defense Time % Phy DF OF
1 Jack Johnson Marc Staal 60 1 2 2
2 Pernell Karl Subban Jay Bouwmeester 40 1 2 2
Last Minutes Offensive
Center Left Wing Right Wing Defense Defense
Bryan Little Mikkel Boedker Corey Perry Jack Johnson Jay Bouwmeester
Last Minutes Defensive
Center Left Wing Right Wing Defense Defense
Bryan Little Andrew Ladd Chuck Kobasew Marc Staal Pernell Karl Subban
Goaltenders
Starting : Semyon Varlamov
Backup : Dan Ellis
Extra Forwards
Normal : Andrew Ladd, Alexander Radulov, Cory Emmerton - PP : Andrew Ladd, Alexander Radulov - PK : Cory Emmerton
Extra Defensemen
Normal : Johnny Boychuk, Matt Lashoff, Pernell Karl Subban - PP : Johnny Boychuk - PK : Matt Lashoff, Pernell Karl Subban
Penalty Shots
Bryan Little, Mikkel Boedker, Corey Perry, Andrei Kostitsyn, Paul Stastny
Scratches
Mark Giordano (Sports Hernia Injury)
Coyotes
5 vs 5 Forward
Center Left Wing Right Wing Time % Phy DF OF
1 Nazem Kadri Zach Parise Marian Gaborik 37 0 2 3
2 Brad Richards Tyler Ennis Chris Stewart 30 0 2 3
3 Maxim Talbot Mark Bell Enver Lisin 20 0 2 3
4 Brooks Laich Martin Samuelsson Chris Neil 13 1 2 2
5 vs 5 Defense
Defense Defense Time % Phy DF OF
1 Kristopher Letang Anton Stralman 42 1 2 2
2 Josh Gorges Eric Brewer 34 1 3 1
3 Michael Del Zotto Greg Zanon 24 1 3 1
4 Kristopher Letang Josh Gorges 0 1 2 2
PowerPlay Forward
Center Left Wing Right Wing Time % Phy DF OF
1 Nazem Kadri Zach Parise Marian Gaborik 60 1 0 4
2 Brad Richards Tyler Ennis Chris Stewart 40 1 0 4
PowerPlay Defense
Defense Defense Time % Phy DF OF
1 Kristopher Letang Anton Stralman 60 1 1 3
2 Michael Del Zotto Eric Brewer 40 1 1 3
Penalty Kill 4 Players Forward
Center Wing Time % Phy DF OF
1 Maxim Talbot Mark Bell 60 1 3 1
2 Brad Richards Martin Samuelsson 40 1 3 1
Penalty Kill 4 Players Defense
Defense Defense Time % Phy DF OF
1 Greg Zanon Josh Gorges 60 1 4 0
2 Anton Stralman Eric Brewer 40 1 4 0
Penalty Kill - 3 Players Forward
Forward Time % Phy DF OF
1 Brad Richards 60 1 3 1
2 Zach Parise 40 1 3 1
Penalty Kill - 3 Players Defense
Defense Defense Time % Phy DF OF
1 Greg Zanon Anton Stralman 60 1 4 0
2 Josh Gorges Eric Brewer 40 1 4 0
4 vs 4 Forward
Center Wing Time % Phy DF OF
1 Brad Richards Zach Parise 60 1 2 2
2 Nazem Kadri Marian Gaborik 40 1 2 2
4 vs 4 Defense
Defense Defense Time % Phy DF OF
1 Kristopher Letang Anton Stralman 60 1 2 2
2 Josh Gorges Eric Brewer 40 1 2 2
Last Minutes Offensive
Center Left Wing Right Wing Defense Defense
Brad Richards Zach Parise Marian Gaborik Kristopher Letang Anton Stralman
Last Minutes Defensive
Center Left Wing Right Wing Defense Defense
Brad Richards Zach Parise Marian Gaborik Greg Zanon Anton Stralman
Goaltenders
Starting : Ryan Miller
Backup : Maxime Daigneault
Extra Forwards
Normal : Mark Bell, Maxim Talbot, Brooks Laich - PP : Mark Bell, Maxim Talbot - PK : Zach Parise
Extra Defensemen
Normal : Michael Del Zotto, Greg Zanon, Anton Stralman - PP : Josh Gorges - PK : Kristopher Letang, Anton Stralman
Penalty Shots
Tyler Ennis, Marian Gaborik, Zach Parise, Brad Richards, Chris Stewart
Scratches
None
% Time on Ice - Avalanche
Lines # - Real PCT - Wanted PCT - Time Play
Normal Forward
1 - 32% - 35% - 14:45
2 - 24% - 25% - 10:57
3 - 24% - 25% - 11:09
4 - 19% - 15% - 8:48
Normal Defense
1 - 35% - 35% - 15:54
2 - 36% - 35% - 16:22
3 - 29% - 30% - 13:23
4 - 0% - 0% - 0:00
PP Forward
1 - 59% - 60% - 6:59
2 - 41% - 40% - 4:55
PP Defense
1 - 61% - 60% - 7:17
2 - 39% - 40% - 4:37
PK Forward
1 - 100% - 60% - 2:27
2 - 0% - 40% - 0:00
PK Defense
1 - 66% - 60% - 1:37
2 - 34% - 40% - 0:50
PK3 Forward
1 - 0% - 60%
2 - 0% - 40%
PK3 Defense
1 - 0% - 60%
2 - 0% - 40%
44 Forward
1 - 0% - 60%
2 - 0% - 40%
44 Defense
1 - 0% - 60%
2 - 0% - 40%
Last Minute Offensive - 0:00
Last Minute Defensive - 0:00
Total
Forward - 60:00
Defense - 60:00
|
% Time on Ice - Coyotes
Lines # - Real PCT - Wanted PCT - Time Play
Normal Forward
1 - 37% - 37% - 16:56
2 - 28% - 30% - 13:00
3 - 19% - 20% - 8:36
4 - 16% - 13% - 7:07
Normal Defense
1 - 43% - 42% - 19:49
2 - 34% - 34% - 15:23
3 - 22% - 24% - 9:50
4 - 1% - 0% - 0:37
PP Forward
1 - 67% - 60% - 1:38
2 - 33% - 40% - 0:49
PP Defense
1 - 56% - 60% - 1:22
2 - 44% - 40% - 1:05
PK Forward
1 - 74% - 60% - 8:50
2 - 26% - 40% - 3:04
PK Defense
1 - 57% - 60% - 6:46
2 - 43% - 40% - 5:08
PK3 Forward
1 - 0% - 60%
2 - 0% - 40%
PK3 Defense
1 - 0% - 60%
2 - 0% - 40%
44 Forward
1 - 0% - 60%
2 - 0% - 40%
44 Defense
1 - 0% - 60%
2 - 0% - 40%
Last Minute Offensive - 0:00
Last Minute Defensive - 0:00
Total
Forward - 60:00
Defense - 60:00
|
Play by Play
1st period
0:01 of 1st period - Bryan Little wins face-off versus Nazem Kadri in neutral zone.
0:04 of 1st period - Wrist shot by Corey Perry.
0:04 of 1st period - Stopped by Ryan Miller without a rebound.
0:05 of 1st period - Bryan Little wins face-off versus Nazem Kadri in Coyotes zone.
0:34 of 1st period - Snap shot by Chris Stewart.
0:34 of 1st period - Stopped by Semyon Varlamov with a rebound.
0:56 of 1st period - Wrist shot by Enver Lisin.
0:56 of 1st period - Shot Misses the Net.
1:18 of 1st period - Snap shot by Chuck Kobasew.
1:18 of 1st period - Shot Blocked by Josh Gorges.
2:07 of 1st period - Snap shot by Brad Richards.
2:07 of 1st period - Shot Blocked by Johnny Boychuk.
2:09 of 1st period - Slapshot by Brad Richards.
2:09 of 1st period - Shot Blocked by Matt Lashoff.
2:27 of 1st period - Snap shot by Paul Stastny.
2:27 of 1st period - Stopped by Ryan Miller without a rebound.
2:28 of 1st period - Paul Stastny wins face-off versus Nazem Kadri in Coyotes zone.
2:31 of 1st period - Wrist shot by Alexander Radulov.
2:31 of 1st period - Stopped by Ryan Miller without a rebound.
2:32 of 1st period - Bryan Little wins face-off versus Nazem Kadri in Coyotes zone.
2:47 of 1st period - Wrist shot by Mikkel Boedker.
2:47 of 1st period - Shot Blocked by Greg Zanon.
2:59 of 1st period - Snap shot by Tyler Ennis.
2:59 of 1st period - Goal by Tyler Ennis - Avalanche : 0 - Coyotes : 1.
3:00 of 1st period - Tyler Ennis wins face-off versus Andrew Ladd in neutral zone.
3:31 of 1st period - Wrist shot by Maxim Talbot.
3:31 of 1st period - Shot Misses the Net.
3:33 of 1st period - Wrist shot by Mark Bell.
3:33 of 1st period - Shot Blocked by Jack Johnson.
3:35 of 1st period - Snap shot by Kristopher Letang.
3:35 of 1st period - Stopped by Semyon Varlamov with a rebound.
3:37 of 1st period - Snap shot by Maxim Talbot.
3:37 of 1st period - Shot Blocked by Chuck Kobasew.
3:53 of 1st period - Wrist shot by Brooks Laich.
3:53 of 1st period - Stopped by Semyon Varlamov without a rebound.
3:54 of 1st period - Bryan Little wins face-off versus Brooks Laich in Avalanche zone.
4:10 of 1st period - Snap shot by Bryan Little.
4:10 of 1st period - Stopped by Ryan Miller with a rebound.
4:25 of 1st period - Wrist shot by Cory Emmerton.
4:25 of 1st period - Stopped by Ryan Miller without a rebound.
4:26 of 1st period - Zach Parise wins face-off versus Paul Stastny in Coyotes zone.
5:19 of 1st period - Snap shot by Bryan Little.
5:19 of 1st period - Shot Misses the Net.
5:21 of 1st period - Snap shot by Corey Perry.
5:21 of 1st period - Shot Hit the Post.
6:31 of 1st period - Icing by Brandon Yip.
6:32 of 1st period - Cory Emmerton wins face-off versus Maxim Talbot in Avalanche zone.
6:43 of 1st period - Enver Lisin is hit by Pernell Karl Subban and loses puck.
6:58 of 1st period - Wrist shot by Alexander Radulov.
6:58 of 1st period - Deflect By Paul Stastny.
6:58 of 1st period - Stopped by Ryan Miller without a rebound.
6:59 of 1st period - Paul Stastny wins face-off versus Nazem Kadri in Coyotes zone.
7:04 of 1st period - Snap shot by Alexander Radulov.
7:04 of 1st period - Stopped by Ryan Miller with a rebound.
7:06 of 1st period - Snap shot by Andrew Ladd.
7:06 of 1st period - Stopped by Ryan Miller without a rebound.
7:07 of 1st period - Brad Richards wins face-off versus Bryan Little in Coyotes zone.
7:07 of 1st period - Brad Richards is hit by Bryan Little.
7:41 of 1st period - Zach Parise is hit by Johnny Boychuk and loses puck.
7:59 of 1st period - Minor Penalty to Maxim Talbot for Roughing.
8:00 of 1st period - Mikkel Boedker wins face-off versus Zach Parise in Coyotes zone.
8:30 of 1st period - Wrist shot by Paul Stastny.
8:30 of 1st period - Stopped by Ryan Miller with a rebound.
8:32 of 1st period - Wrist shot by Alexander Radulov.
8:32 of 1st period - Deflect By Paul Stastny.
8:32 of 1st period - Stopped by Ryan Miller without a rebound.
8:33 of 1st period - Paul Stastny wins face-off versus Zach Parise in Coyotes zone.
8:34 of 1st period - Wrist shot by Andrei Kostitsyn.
8:34 of 1st period - Deflect By Alexander Radulov.
8:34 of 1st period - Stopped by Ryan Miller without a rebound.
8:35 of 1st period - Paul Stastny wins face-off versus Zach Parise in Coyotes zone.
9:04 of 1st period - Josh Gorges is hit by Bryan Little.
9:36 of 1st period - Zach Parise is hit by Jack Johnson and loses puck.
9:59 of 1st period - Penalty to Maxim Talbot is over, Maxim Talbot is back on ice.
10:23 of 1st period - Snap shot by Andrei Kostitsyn.
10:23 of 1st period - Shot Misses the Net.
10:35 of 1st period - Wrist shot by Andrei Kostitsyn.
10:35 of 1st period - Deflect By David Krejci.
10:35 of 1st period - Shot Blocked by Anton Stralman.
10:35 of 1st period - Puck is out of play.
10:36 of 1st period - David Krejci wins face-off versus Nazem Kadri in Coyotes zone.
10:37 of 1st period - Snap shot by Chuck Kobasew.
10:37 of 1st period - Stopped by Ryan Miller without a rebound.
10:38 of 1st period - Ryan Smyth wins face-off versus Nazem Kadri in Coyotes zone.
10:39 of 1st period - Snap shot by David Krejci.
10:39 of 1st period - Shot Misses the Net.
10:41 of 1st period - Snap shot by David Krejci.
10:41 of 1st period - Stopped by Ryan Miller without a rebound.
10:42 of 1st period - David Krejci wins face-off versus Brad Richards in Coyotes zone.
10:50 of 1st period - Icing by Chris Stewart.
10:51 of 1st period - Brad Richards wins face-off versus Bryan Little in Coyotes zone.
11:10 of 1st period - Wrist shot by Brad Richards.
11:10 of 1st period - Deflect By Tyler Ennis.
11:10 of 1st period - Goal by Tyler Ennis - Avalanche : 0 - Coyotes : 2.
11:11 of 1st period - Zach Parise wins face-off versus Bryan Little in neutral zone.
11:22 of 1st period - Jay Bouwmeester is hit by Zach Parise and loses puck.
12:20 of 1st period - Icing by Brooks Laich.
12:21 of 1st period - David Krejci wins face-off versus Brooks Laich in Coyotes zone.
12:24 of 1st period - Wrist shot by Chuck Kobasew.
12:24 of 1st period - Shot Misses the Net.
14:05 of 1st period - Wrist shot by Marian Gaborik.
14:05 of 1st period - Shot Blocked by Jack Johnson.
14:07 of 1st period - Backhand shot by Eric Brewer.
14:07 of 1st period - Shot Misses the Net.
14:39 of 1st period - Wrist shot by Paul Stastny.
14:39 of 1st period - Shot Misses the Net.
14:41 of 1st period - Snap shot by Alexander Radulov.
14:41 of 1st period - Stopped by Ryan Miller without a rebound.
14:42 of 1st period - Paul Stastny wins face-off versus Marian Gaborik in Coyotes zone.
15:37 of 1st period - Slapshot by Andrei Kostitsyn.
15:37 of 1st period - Deflect By Cory Emmerton.
15:37 of 1st period - Stopped by Ryan Miller without a rebound.
15:38 of 1st period - Nazem Kadri wins face-off versus Bryan Little in Coyotes zone.
16:10 of 1st period - Wrist shot by Andrei Kostitsyn.
16:10 of 1st period - Shot Blocked by Kristopher Letang.
16:26 of 1st period - Paul Stastny is hit by Mark Bell and loses puck.
16:35 of 1st period - Slapshot by Alexander Radulov.
16:35 of 1st period - Stopped by Ryan Miller with a rebound.
16:37 of 1st period - Slapshot by Jay Bouwmeester.
16:37 of 1st period - Stopped by Ryan Miller with a rebound.
17:29 of 1st period - Slapshot by Jack Johnson.
17:29 of 1st period - Stopped by Ryan Miller without a rebound.
17:30 of 1st period - Brad Richards wins face-off versus Bryan Little in Coyotes zone.
17:40 of 1st period - Icing by Corey Perry.
17:41 of 1st period - Bryan Little wins face-off versus Nazem Kadri in Avalanche zone.
18:08 of 1st period - Snap shot by Andrei Kostitsyn.
18:08 of 1st period - Stopped by Ryan Miller without a rebound.
18:09 of 1st period - Cory Emmerton wins face-off versus Brad Richards in Coyotes zone.
18:28 of 1st period - Wrist shot by Tyler Ennis.
18:28 of 1st period - Stopped by Semyon Varlamov with a rebound.
18:30 of 1st period - Wrist shot by Brad Richards.
18:30 of 1st period - Shot Blocked by Andrei Kostitsyn.
18:36 of 1st period - Backhand shot by Brad Richards.
18:36 of 1st period - Deflect By Chris Stewart.
18:36 of 1st period - Shot Misses the Net.
18:36 of 1st period - Puck is out of play.
18:37 of 1st period - Bryan Little wins face-off versus Nazem Kadri in Avalanche zone.
18:39 of 1st period - Minor Penalty to Mikkel Boedker for Roughing.
18:40 of 1st period - Nazem Kadri wins face-off versus Andrew Ladd in Avalanche zone.
18:48 of 1st period - Wrist shot by Zach Parise.
18:48 of 1st period - Shot Blocked by Marc Staal.
18:50 of 1st period - Wrist shot by Zach Parise.
18:50 of 1st period - Deflect By Marian Gaborik.
18:50 of 1st period - Goal by Marian Gaborik - Avalanche : 0 - Coyotes : 3.
18:51 of 1st period - Zach Parise wins face-off versus Bryan Little in neutral zone.
19:08 of 1st period - Zach Parise is hit by Mikkel Boedker and loses puck.
19:23 of 1st period - Tyler Ennis is hit by Andrew Ladd and loses puck.
Goals for this period are 0 for Avalanche vs 3 for Coyotes.
Shots for this period are 19 for Avalanche vs 7 for Coyotes.
2nd period
0:01 of 2nd period - Nazem Kadri wins face-off versus Corey Perry in neutral zone.
0:54 of 2nd period - Slapshot by Greg Zanon.
0:54 of 2nd period - Shot Misses the Net.
1:14 of 2nd period - Snap shot by Chuck Kobasew.
1:14 of 2nd period - Stopped by Ryan Miller without a rebound.
1:15 of 2nd period - Nazem Kadri wins face-off versus Bryan Little in Coyotes zone.
2:01 of 2nd period - Snap shot by Enver Lisin.
2:01 of 2nd period - Stopped by Semyon Varlamov without a rebound.
2:02 of 2nd period - Maxim Talbot wins face-off versus Andrei Kostitsyn in Avalanche zone.
2:05 of 2nd period - Wrist shot by Enver Lisin.
2:05 of 2nd period - Shot Misses the Net.
2:07 of 2nd period - Snap shot by Enver Lisin.
2:07 of 2nd period - Shot Misses the Net.
2:09 of 2nd period - Snap shot by Enver Lisin.
2:09 of 2nd period - Shot Blocked by Marc Staal.
2:11 of 2nd period - Wrist shot by Mark Bell.
2:11 of 2nd period - Stopped by Semyon Varlamov without a rebound.
2:12 of 2nd period - Nazem Kadri wins face-off versus Bryan Little in Avalanche zone.
2:29 of 2nd period - Wrist shot by Marian Gaborik.
2:29 of 2nd period - Stopped by Semyon Varlamov with a rebound.
2:39 of 2nd period - Brad Richards is hit by Andrew Ladd and loses puck.
3:06 of 2nd period - Snap shot by Andrei Kostitsyn.
3:06 of 2nd period - Shot Misses the Net.
3:08 of 2nd period - Snap shot by Andrei Kostitsyn.
3:08 of 2nd period - Stopped by Ryan Miller with a rebound.
3:10 of 2nd period - Wrist shot by Andrei Kostitsyn.
3:10 of 2nd period - Shot Misses the Net.
3:35 of 2nd period - Minor Penalty to Michael Del Zotto for Interference.
3:36 of 2nd period - Bryan Little wins face-off versus Maxim Talbot in Coyotes zone.
3:39 of 2nd period - Slapshot by Bryan Little.
3:39 of 2nd period - Deflect By Corey Perry.
3:39 of 2nd period - Stopped by Ryan Miller with a rebound.
3:41 of 2nd period - Backhand shot by Bryan Little.
3:41 of 2nd period - Shot Misses the Net.
3:43 of 2nd period - Snap shot by Bryan Little.
3:43 of 2nd period - Stopped by Ryan Miller without a rebound.
3:44 of 2nd period - Mikkel Boedker wins face-off versus Maxim Talbot in Coyotes zone.
3:59 of 2nd period - Wrist shot by Bryan Little.
3:59 of 2nd period - Stopped by Ryan Miller without a rebound.
4:00 of 2nd period - Bryan Little wins face-off versus Maxim Talbot in Coyotes zone.
4:01 of 2nd period - Slapshot by Corey Perry.
4:01 of 2nd period - Deflect By Josh Gorges.
4:01 of 2nd period - Stopped by Ryan Miller without a rebound.
4:02 of 2nd period - Maxim Talbot wins face-off versus Mikkel Boedker in Coyotes zone.
4:15 of 2nd period - Snap shot by Maxim Talbot.
4:15 of 2nd period - Stopped by Semyon Varlamov without a rebound.
4:16 of 2nd period - Maxim Talbot wins face-off versus Bryan Little in Avalanche zone.
4:20 of 2nd period - Icing by Marc Staal.
4:21 of 2nd period - Bryan Little wins face-off versus Maxim Talbot in Avalanche zone.
4:28 of 2nd period - Slapshot by Marc Staal.
4:28 of 2nd period - Shot Blocked by Mark Bell.
4:30 of 2nd period - Wrist shot by Corey Perry.
4:30 of 2nd period - Avalanche goal is going for a video replay.
4:30 of 2nd period - The goal is refused. The puck has been directed, batted or thrown into the net by an attacking player other than with a stick..
4:31 of 2nd period - Maxim Talbot wins face-off versus Bryan Little in Coyotes zone.
5:34 of 2nd period - Icing by Jay Bouwmeester.
5:35 of 2nd period - Penalty to Michael Del Zotto is over, Michael Del Zotto is back on ice.
5:35 of 2nd period - Nazem Kadri wins face-off versus Bryan Little in Avalanche zone.
5:36 of 2nd period - Snap shot by Zach Parise.
5:36 of 2nd period - Shot Misses the Net.
6:19 of 2nd period - Icing by Pernell Karl Subban.
6:20 of 2nd period - Bryan Little wins face-off versus Brooks Laich in Avalanche zone.
6:47 of 2nd period - Wrist shot by Brandon Yip.
6:47 of 2nd period - Shot Misses the Net.
6:49 of 2nd period - Backhand shot by Brandon Yip.
6:49 of 2nd period - Stopped by Ryan Miller without a rebound.
6:50 of 2nd period - Nazem Kadri wins face-off versus Cory Emmerton in Coyotes zone.
7:16 of 2nd period - Wrist shot by Zach Parise.
7:16 of 2nd period - Shot Misses the Net.
7:32 of 2nd period - Andrei Kostitsyn is hit by Marian Gaborik.
8:23 of 2nd period - Zach Parise is hit by Jack Johnson.
9:47 of 2nd period - Andrei Kostitsyn is hit by Zach Parise and loses puck.
9:58 of 2nd period - Anton Stralman is hit by Jack Johnson and loses puck.
10:15 of 2nd period - Snap shot by Andrei Kostitsyn.
10:15 of 2nd period - Shot Misses the Net.
10:17 of 2nd period - Wrist shot by Brandon Yip.
10:17 of 2nd period - Deflect By Andrei Kostitsyn.
10:17 of 2nd period - Shot Misses the Net.
10:17 of 2nd period - Puck is out of play.
10:18 of 2nd period - Brad Richards wins face-off versus Bryan Little in Coyotes zone.
10:22 of 2nd period - Off-side.
10:23 of 2nd period - Brad Richards wins face-off versus Bryan Little in neutral zone.
10:26 of 2nd period - Wrist shot by Tyler Ennis.
10:26 of 2nd period - Shot Blocked by Johnny Boychuk.
10:28 of 2nd period - Slapshot by Eric Brewer.
10:28 of 2nd period - Deflect By Chris Stewart.
10:28 of 2nd period - Shot Misses the Net.
10:28 of 2nd period - Puck is out of play.
10:29 of 2nd period - Brad Richards wins face-off versus Bryan Little in Avalanche zone.
12:01 of 2nd period - Wrist shot by Marc Staal.
12:01 of 2nd period - Goal by Marc Staal - Avalanche : 1 - Coyotes : 3.
12:02 of 2nd period - Brad Richards wins face-off versus Bryan Little in neutral zone.
12:07 of 2nd period - Slapshot by Tyler Ennis.
12:07 of 2nd period - Shot Misses the Net.
12:19 of 2nd period - Slapshot by Brad Richards.
12:19 of 2nd period - Stopped by Semyon Varlamov with a rebound.
13:09 of 2nd period - Icing by Pernell Karl Subban.
13:10 of 2nd period - Brad Richards wins face-off versus David Krejci in Avalanche zone.
13:28 of 2nd period - Off-side.
13:29 of 2nd period - Bryan Little wins face-off versus Enver Lisin in neutral zone.
13:36 of 2nd period - Wrist shot by Corey Perry.
13:36 of 2nd period - Shot Misses the Net.
13:54 of 2nd period - Alexander Radulov is hit by Anton Stralman and loses puck.
14:06 of 2nd period - Minor Penalty to Chris Neil for Hooking.
14:07 of 2nd period - Maxim Talbot wins face-off versus Bryan Little in Coyotes zone.
15:03 of 2nd period - Snap shot by Martin Samuelsson.
15:03 of 2nd period - Stopped by Semyon Varlamov without a rebound.
15:04 of 2nd period - Brad Richards wins face-off versus Bryan Little in Avalanche zone.
15:05 of 2nd period - Snap shot by Martin Samuelsson.
15:05 of 2nd period - Stopped by Semyon Varlamov with a rebound.
16:06 of 2nd period - Penalty to Chris Neil is over, Chris Neil is back on ice.
16:59 of 2nd period - Minor Penalty to Andrew Ladd for Roughing.
17:00 of 2nd period - Cory Emmerton wins face-off versus Zach Parise in Avalanche zone.
17:14 of 2nd period - Marc Staal is hit by Michael Del Zotto and loses puck.
18:25 of 2nd period - Anton Stralman is hit by Jack Johnson and loses puck.
18:42 of 2nd period - Marian Gaborik is hit by Bryan Little and loses puck.
18:59 of 2nd period - Penalty to Andrew Ladd is over, Andrew Ladd is back on ice.
19:17 of 2nd period - Wrist shot by Maxim Talbot.
19:17 of 2nd period - Stopped by Semyon Varlamov with a rebound.
19:49 of 2nd period - Brandon Yip is hit by Brad Richards and loses puck.
Goals for this period are 1 for Avalanche vs 0 for Coyotes.
Shots for this period are 9 for Avalanche vs 8 for Coyotes.
3rd period
0:01 of 3rd period - Mikkel Boedker wins face-off versus Nazem Kadri in neutral zone.
0:51 of 3rd period - Mark Bell is hit by Brandon Yip and loses puck.
2:00 of 3rd period - Slapshot by Alexander Radulov.
2:00 of 3rd period - Deflect By Tyler Ennis.
2:00 of 3rd period - Shot Misses the Net.
2:00 of 3rd period - Puck is out of play.
2:01 of 3rd period - Brad Richards wins face-off versus Paul Stastny in Coyotes zone.
2:01 of 3rd period - Brad Richards is hit by Alexander Radulov.
2:39 of 3rd period - Icing by Zach Parise.
2:40 of 3rd period - Nazem Kadri wins face-off versus Paul Stastny in Coyotes zone.
2:45 of 3rd period - Snap shot by Zach Parise.
2:45 of 3rd period - Stopped by Semyon Varlamov without a rebound.
2:46 of 3rd period - Paul Stastny wins face-off versus Nazem Kadri in Avalanche zone.
2:46 of 3rd period - Paul Stastny is hit by Marian Gaborik.
2:49 of 3rd period - Minor Penalty to Jay Bouwmeester for Diving.
2:50 of 3rd period - Andrew Ladd wins face-off versus Nazem Kadri in Avalanche zone.
3:02 of 3rd period - Wrist shot by Nazem Kadri.
3:02 of 3rd period - Shot Misses the Net.
3:04 of 3rd period - Wrist shot by Nazem Kadri.
3:04 of 3rd period - Stopped by Semyon Varlamov with a rebound.
3:06 of 3rd period - Snap shot by Marian Gaborik.
3:06 of 3rd period - Goal by Marian Gaborik - Avalanche : 1 - Coyotes : 4.
3:06 of 3rd period - Dan Ellis enters game.
3:07 of 3rd period - Bryan Little wins face-off versus Nazem Kadri in neutral zone.
3:07 of 3rd period - Mikkel Boedker is hit by Nazem Kadri and loses puck.
3:16 of 3rd period - Nazem Kadri is hit by Jay Bouwmeester and loses puck.
3:23 of 3rd period - Snap shot by Corey Perry.
3:23 of 3rd period - Shot Misses the Net.
3:55 of 3rd period - Pernell Karl Subban is hit by Mark Bell and loses puck.
4:00 of 3rd period - Wrist shot by Mark Bell.
4:00 of 3rd period - Stopped by Dan Ellis without a rebound.
4:01 of 3rd period - Bryan Little wins face-off versus Nazem Kadri in Avalanche zone.
4:25 of 3rd period - Icing by Bryan Little.
4:26 of 3rd period - Bryan Little wins face-off versus Brad Richards in Avalanche zone.
4:35 of 3rd period - Snap shot by Alexander Radulov.
4:35 of 3rd period - Shot Blocked by Eric Brewer.
4:37 of 3rd period - Penalty Shot by Eric Brewer for Coyotes.
4:37 of 3rd period - Snap shot by Eric Brewer.
4:37 of 3rd period - Stopped by Dan Ellis.
4:38 of 3rd period - Corey Perry wins face-off versus Nazem Kadri in Coyotes zone.
4:45 of 3rd period - Snap shot by Bryan Little.
4:45 of 3rd period - Shot Misses the Net.
4:52 of 3rd period - Snap shot by Nazem Kadri.
4:52 of 3rd period - Shot Blocked by Johnny Boychuk.
5:04 of 3rd period - Brad Richards is hit by Andrew Ladd and loses puck.
5:09 of 3rd period - Snap shot by Paul Stastny.
5:09 of 3rd period - Deflect By Andrew Ladd.
5:09 of 3rd period - Shot Misses the Net.
5:09 of 3rd period - Puck is out of play.
5:10 of 3rd period - Paul Stastny wins face-off versus Chris Stewart in Coyotes zone.
5:11 of 3rd period - Wrist shot by Alexander Radulov.
5:11 of 3rd period - Stopped by Ryan Miller without a rebound.
5:12 of 3rd period - Paul Stastny wins face-off versus Brad Richards in Coyotes zone.
5:17 of 3rd period - Snap shot by Paul Stastny.
5:17 of 3rd period - Shot Misses the Net.
5:19 of 3rd period - Slapshot by Jay Bouwmeester.
5:19 of 3rd period - Shot Blocked by Tyler Ennis.
5:21 of 3rd period - Wrist shot by Andrew Ladd.
5:21 of 3rd period - Stopped by Ryan Miller without a rebound.
5:22 of 3rd period - Bryan Little wins face-off versus Nazem Kadri in Coyotes zone.
6:49 of 3rd period - Jack Johnson is hit by Chris Neil and loses puck.
7:16 of 3rd period - Wrist shot by David Krejci.
7:16 of 3rd period - Stopped by Ryan Miller without a rebound.
7:17 of 3rd period - Nazem Kadri wins face-off versus Bryan Little in Coyotes zone.
8:06 of 3rd period - Off-side.
8:07 of 3rd period - Alexander Radulov wins face-off versus Brad Richards in neutral zone.
8:28 of 3rd period - Minor Penalty to Brad Richards for Interference.
8:29 of 3rd period - Maxim Talbot wins face-off versus Bryan Little in Coyotes zone.
9:00 of 3rd period - Snap shot by Jack Johnson.
9:00 of 3rd period - Shot Misses the Net.
9:02 of 3rd period - Wrist shot by Andrei Kostitsyn.
9:02 of 3rd period - Shot Misses the Net.
10:26 of 3rd period - Eric Brewer is hit by Marc Staal and loses puck.
10:28 of 3rd period - Penalty to Brad Richards is over, Brad Richards is back on ice.
10:41 of 3rd period - Snap shot by David Krejci.
10:41 of 3rd period - Stopped by Ryan Miller without a rebound.
10:42 of 3rd period - Chris Stewart wins face-off versus David Krejci in Coyotes zone.
11:20 of 3rd period - Minor Penalty to Zach Parise for Charging.
11:21 of 3rd period - Bryan Little wins face-off versus Maxim Talbot in Coyotes zone.
11:25 of 3rd period - Snap shot by Mikkel Boedker.
11:25 of 3rd period - Stopped by Ryan Miller without a rebound.
11:26 of 3rd period - Bryan Little wins face-off versus Mark Bell in Coyotes zone.
11:33 of 3rd period - Snap shot by Mikkel Boedker.
11:33 of 3rd period - Shot Blocked by Greg Zanon.
11:35 of 3rd period - Snap shot by Corey Perry.
11:35 of 3rd period - Shot Blocked by Maxim Talbot.
11:43 of 3rd period - Slapshot by Corey Perry.
11:43 of 3rd period - Shot Misses the Net.
12:04 of 3rd period - Off-side.
12:05 of 3rd period - Maxim Talbot wins face-off versus Bryan Little in neutral zone.
12:34 of 3rd period - Martin Samuelsson is hit by Paul Stastny and loses puck.
12:45 of 3rd period - Brad Richards is hit by Bryan Little and loses puck.
13:13 of 3rd period - Pernell Karl Subban is hit by Josh Gorges.
13:20 of 3rd period - Penalty to Zach Parise is over, Zach Parise is back on ice.
13:25 of 3rd period - Wrist shot by Chuck Kobasew.
13:25 of 3rd period - Shot Blocked by Josh Gorges.
13:27 of 3rd period - Wrist shot by Johnny Boychuk.
13:27 of 3rd period - Deflect By Chuck Kobasew.
13:27 of 3rd period - Stopped by Ryan Miller with a rebound.
13:29 of 3rd period - Snap shot by Ryan Smyth.
13:29 of 3rd period - Goal by Ryan Smyth - Avalanche : 2 - Coyotes : 4.
13:30 of 3rd period - Nazem Kadri wins face-off versus Bryan Little in neutral zone.
13:43 of 3rd period - Snap shot by Zach Parise.
13:43 of 3rd period - Shot Misses the Net.
13:45 of 3rd period - Snap shot by Marian Gaborik.
13:45 of 3rd period - Shot Misses the Net.
13:47 of 3rd period - Snap shot by Marian Gaborik.
13:47 of 3rd period - Deflect By Nazem Kadri.
13:47 of 3rd period - Stopped by Dan Ellis with a rebound.
14:21 of 3rd period - Wrist shot by Maxim Talbot.
14:21 of 3rd period - Shot Misses the Net.
14:23 of 3rd period - Wrist shot by Maxim Talbot.
14:23 of 3rd period - Stopped by Dan Ellis without a rebound.
14:24 of 3rd period - Bryan Little wins face-off versus Nazem Kadri in Avalanche zone.
15:02 of 3rd period - Slapshot by Jack Johnson.
15:02 of 3rd period - Shot Misses the Net.
15:22 of 3rd period - Wrist shot by Kristopher Letang.
15:22 of 3rd period - Stopped by Dan Ellis without a rebound.
15:23 of 3rd period - Bryan Little wins face-off versus Maxim Talbot in Avalanche zone.
15:23 of 3rd period - Mikkel Boedker is hit by Kristopher Letang and loses puck.
15:37 of 3rd period - Icing by Jay Bouwmeester.
15:38 of 3rd period - Bryan Little wins face-off versus Brooks Laich in Avalanche zone.
15:43 of 3rd period - Wrist shot by Brooks Laich.
15:43 of 3rd period - Stopped by Dan Ellis without a rebound.
15:44 of 3rd period - Paul Stastny wins face-off versus Brooks Laich in Avalanche zone.
16:05 of 3rd period - Off-side.
16:06 of 3rd period - Bryan Little wins face-off versus Maxim Talbot in neutral zone.
16:11 of 3rd period - Snap shot by Bryan Little.
16:11 of 3rd period - Shot Hit the Post.
16:31 of 3rd period - Josh Gorges is hit by Andrew Ladd and loses puck.
16:36 of 3rd period - Wrist shot by Paul Stastny.
16:36 of 3rd period - Shot Misses the Net.
17:10 of 3rd period - Minor Penalty to Anton Stralman for High sticking.
17:11 of 3rd period - Bryan Little wins face-off versus Maxim Talbot in Coyotes zone.
17:22 of 3rd period - Snap shot by Mikkel Boedker.
17:22 of 3rd period - Shot Misses the Net.
19:00 of 3rd period - Brad Richards is hit by Pernell Karl Subban and loses puck.
19:10 of 3rd period - Penalty to Anton Stralman is over, Anton Stralman is back on ice.
19:23 of 3rd period - Cory Emmerton is hit by Anton Stralman.
19:27 of 3rd period - Cory Emmerton is hit by Nazem Kadri and loses puck.
19:41 of 3rd period - Icing by Brooks Laich.
19:42 of 3rd period - Nazem Kadri wins face-off versus David Krejci in Coyotes zone.
Goals for this period are 1 for Avalanche vs 1 for Coyotes.
Shots for this period are 7 for Avalanche vs 8 for Coyotes.
Back to the Top